 Dungeon Crawl Stone Soup version 0.19-a0-994-g3c636f0 (webtiles) character file.

92026 mistymad the Spry (level 16, -3/136 HPs)
             Began as a Merfolk Monk on July 15, 2016.
             Was the Champion of Fedhas.
             Slain by a wolf spider (17 damage)
             ... on level 2 of the Spider Nest.
             The game lasted 01:29:21 (24704 turns).

mistymad the Spry (Merfolk Monk)                   Turns: 24704, Time: 01:29:21

Health: -3/136     AC: 20    Str: 20    XL:     16   Next: 4%
Magic:  23/23      EV: 24    Int:  9    God:    Fedhas [******]
Gold:   658        SH:  0    Dex: 17    Spells: 3 memorised, 10 levels left

rFire  + . .     SeeInvis +     M - +2 demon trident "Deezywka" {freeze, rC+ MR+ Stlth+}
rCold  + + .     Gourm    +     Z - +5 ring mail of the Lumpy Runes {Str+2}
rNeg   . . .     Faith    .     L - +1 buckler {rC+ rF+}
rPois  +         Spirit   .     A - +0 hat "Tafiudgh" {rElec rPois}
rElec  +         Dismiss  .     B - +0 cloak
rCorr  .         Reflect  .     z - +0 pair of gloves
SustAt .         Harm     .     S - +4 pair of boots "Ukepraeq" {+Blink SInv}
MR     ++++.                    u - amulet of the gourmand
Stlth  +.........               e - ring of protection from magic
                                y - ring of protection from magic

@: confused, lethally poisoned (-3 -> -3), incredibly resistant to hostile
enchantments, very unstealthy
A: change form in water, swift swim, horns 2
a: Evolution, Sunlight, Growth, Reproduction, Rain, Renounce Religion, Evoke
Blink


You were on level 2 of the Spider Nest.
You worshipped Fedhas.
Fedhas was exalted by your worship.
You were very full.

You visited 5 branches of the dungeon, and saw 24 of its levels.
You also visited: Ice Cave.

You collected 2558 gold pieces.
You spent 1900 gold pieces at shops.

Inventory:

Hand Weapons
 l - a +2 demon trident of electrocution
 M - the +2 demon trident "Deezywka" (weapon) {freeze, rC+ MR+ Stlth+}
   (You acquired it on level 9 of the Dungeon)

   It has been specially enchanted to freeze those struck by it, causing extra
   injury to most foes and up to half again as much damage against particularly
   susceptible opponents.
   It can also slow down cold-blooded creatures.
   It protects you from cold.
   It affects your resistance to hostile enchantments.
   It makes you more stealthy.
Armour
 z - a +0 pair of gloves (worn)
 A - the +0 hat "Tafiudgh" (worn) {rElec rPois}
   (You acquired it on level 9 of the Dungeon)

   It insulates you from electricity.
   It protects you from poison.
 B - a +0 cloak (worn)
 L - a +1 buckler of resistance (worn)
 S - the +4 pair of boots "Ukepraeq" (worn) {+Blink SInv}
   (You bought it in a shop on level 2 of the Orcish Mines)

   It lets you see invisible.
   It lets you blink.
 Z - the +5 ring mail of the Lumpy Runes (worn) {Str+2}
   (You found it on level 13 of the Dungeon)

   It affects your strength (+2).
Jewellery
 e - a ring of protection from magic (right hand)
 m - an uncursed ring of flight
 o - an uncursed ring of sustain attributes
 u - an amulet of the gourmand (around neck)
 y - a ring of protection from magic (left hand)
 C - a +2 ring of slaying
 J - an uncursed ring of protection from fire
Wands
 p - a wand of digging (15/24)
 D - a wand of lightning (9/15)
 F - a wand of confusion (13/48)
 H - a wand of digging (13/24)
 I - a wand of iceblast (7/15)
 K - a wand of slowing (29/48)
 N - a wand of digging (3/24)
 O - a wand of polymorph (8/24)
 P - a wand of polymorph (11/24)
 X - a wand of teleportation (3/9)
 Y - a wand of polymorph (7/24)
Scrolls
 a - 6 scrolls of identify
 g - 6 scrolls of magic mapping
 i - 4 scrolls of teleportation
 k - 4 scrolls of remove curse
 r - 2 scrolls of fear
 v - 4 scrolls of enchant armour
 Q - 3 scrolls of recharging
 W - a scroll of silence
Potions
 b - 7 potions of agility
 d - 2 potions of cancellation
 h - a potion of beneficial mutation
 j - a potion of might
 n - 4 potions of haste
 q - 2 potions of resistance
 s - 6 potions of curing
 x - 4 potions of magic
 G - 2 potions of heal wounds
 R - a potion of invisibility
Comestibles
 c - 15 bread rations
 f - 15 meat rations
 t - 34 fruits
 w - a royal jelly
 E - a beef jerky


   Skills:
 + Level 15.0 Fighting
 - Level 16.1 Polearms
 + Level 10.7 Armour
 + Level 17.6 Dodging
 - Level 2.1 Stealth
 - Level 4.5 Shields
 - Level 9.3 Invocations


You had 10 spell levels left.
You knew the following spells:

 Your Spells              Type           Power        Failure   Level  Hunger
a - Magic Dart            Conj           #...         65%         1    ##.....
b - Blink                 Tloc           N/A          86%         2    ###....
c - Repel Missiles        Chrm/Air       #.....       86%         2    ###....


Dungeon Overview and Level Annotations

Branches:
Dungeon (13/15)            Temple (1/1) D:4            Lair (6/6) D:8
 Shoals (0/4) Lair:2       Spider (2/4) Lair:3        Slime (0/5) Lair:6
    Orc (2/2) D:12            Elf (0/3) Orc:2
 Vaults: D:13-14

Altars:
Ashenzari
Cheibriados
Dithmenos
Elyvilon
Fedhas
Gozag
Hepliaklqana
Kikubaaqudgha
Makhleb
Nemelex Xobeh
Okawaru
Pakellas
Qazlal
Ru
Sif Muna
Trog
Uskayaw
Vehumet
Xom
Yredelemnul
Zin
The Shining One
Beogh
Jiyva

Shops:
D:5 !   D:6 *((   Orc:2 ![[[

Annotations:
D:8 uley centaur
Spider:2 Arachne


Innate Abilities, Weirdness & Mutations

You revert to your normal form in water.
You are very nimble and swift while swimming.
You have a pair of horns on your head.


Message History

The wolf spider is moderately wounded.
The wolf spider misses you.
The wolf spider bites you but does no damage.
You barely miss the wolf spider.
The wolf spider is moderately wounded.
The wolf spider misses you. The wolf spider bites you.
* * * LOW HITPOINT WARNING * * *
You take 5 damage, and have 12/136 hp.
You are confused.
You feel invigorated. The wolf spider hits you.
* * * LOW HITPOINT WARNING * * *
The wolf spider barely misses you. The wolf spider completely misses you.
The wolf spider bites you!
* * * LOW HITPOINT WARNING * * *
You take 2 damage, and have 10/136 hp.
Okay, then.
There are monsters nearby!
You feel sick. The wolf spider hits you!
You die...
Fedhas appreciates your contribution to the ecosystem.

#..^.....#.##.. ......
#........^..#.##...... ≈
#..........#..≈...... >.
#............## .... ...
#.###...#^....#.....
....#^..f...<#....#...#
......^.#..†...^......#.
.......s##....#.s^......
.......@.≈....#..##....>
........†##...#...#....#
...##...................
.........s.......... H#
##.................. #
$..##................
#........##............
##.......#...ss.....
.....$.##.......^.


You could see a wolf spider, 3 redbacks and a friendly wandering mushroom.

Vanquished Creatures
  Kirke (Spider:1)
  A ghost moth (Spider:1)
  An entropy weaver (Spider:1)
  Azrael (Spider:1)
  4 hydras
  A centaur warrior (D:13)
  A catoblepas (Lair:6)
  A dancing weapon (Orc:2)
  Urug (Orc:1)
  8 death yaks
  5 orc high priests (Orc:2)
  Sonja (Lair:3)
  2 unseen horrors
  A wizard (D:13)
  3 hill giants
  7 orc knights (Orc:2)
  3 orb spiders (Spider:1)
  A wandering mushroom (Lair:2)
  6 wolf spiders
  8 elephants
  2 deep elf magi
  2 cyclopes
  3 ugly things
  A manticore (D:12)
  A moth of wrath (Spider:1)
  Maurice (D:9)
  5 black mambas
  2 sirens (Lair:2)
  3 ice statues (IceCv)
  10 spiny frogs
  A gargoyle (D:12)
  2 rime drakes
  9 komodo dragons
  4 demonic crawlers
  8 jumping spiders
  A tengu conjurer (D:12)
  4 polar bears
  2 merfolk (Lair:2)
  9 trolls
  3 boulder beetles
  16 blink frogs
  4 slime creatures (D:11)
  Sigmund (D:5)
  12 spriggans (Lair:6)
  3 wyverns
  5 tarantellas
  2 basilisks (D:11)
  34 yaks
  28 redbacks
  Eustachio (D:6)
  Grum (D:9)
  2 fire elementals
  2 hogs (Spider:1)
  5 hippogriffs
  3 vampire mosquitoes (D:12)
  2 hungry ghosts (D:12)
  Menkaure (D:5)
  A hill giant skeleton (D:12)
  2 soldier ants
  Edmund (D:5)
  2 hell hounds (Spider:1)
  6 porcupines
  9 water moccasins
  7 ice beasts
  23 orc warriors
  3 phantoms
  4 black bears
  4 sky beasts
  A wasp (Lair:6)
  An eye of draining (D:13)
  4 boggarts (Lair:6)
  A wasp (shapeshifter) (D:12)
  17 centaurs
  8 ogres
  23 wolves
  3 big kobolds
  12 crocodiles
  21 giant frogs
  A wyvern skeleton (D:10)
  3 scorpions
  A water moccasin skeleton (D:10)
  64 killer bees
  5 wights (D:12)
  2 vampire bats (Lair:1)
  3 electric eels
  4 howler monkeys
  6 crimson imps
  A quasit (D:9)
  4 giant frog skeletons
  30 orc priests
  A jelly (D:11)
  19 orc wizards
  6 hounds
  8 centaur skeletons
  Ijyb (D:4)
  9 iguanas
  10 worker ants
  20 sheep
  An ogre zombie (D:12)
  4 ogre skeletons (D:12)
  A hound skeleton (D:7)
  3 worker ant zombies
  4 gnolls
  11 adders
  26 river rats
  3 shadow imps
  4 oozes
  An adder skeleton (D:5)
  2 worms
  2 dart slugs
  5 giant geckos
  93 orcs
  3 ball pythons
  9 bats
  9 giant cockroaches
  12 goblins
  7 hobgoblins
  23 kobolds
  6 quokkas
  A giant gecko skeleton (D:5)
  4 giant newts
  2 goblin skeletons (D:12)
  A goblin zombie (D:12)
  5 hobgoblin skeletons (D:12)
  A hobgoblin zombie (D:12)
  5 orc skeletons (D:12)
  4 orc zombies (D:12)
  5 rats
  2 ballistomycetes (Orc:2)
  12 giant spores
874 creatures vanquished.

Vanquished Creatures (collateral kills)
  3 death yaks
  An unseen horror (D:13)
  An orc knight (Orc:2)
  A spiny frog (Lair:1)
  2 komodo dragons
  2 polar bears (Lair:6)
  A blink frog (Lair:6)
  4 redbacks
  A spriggan (Lair:6)
  A vampire (D:9)
  2 yaks (Lair:3)
  3 wargs
  A water moccasin (Lair:4)
  3 orc warriors
  A black bear (Lair:6)
  2 wasps (Lair:6)
  2 ogres
  3 wolves
  A hound (D:10)
  6 orc priests
  10 orcs
  An orc zombie (D:12)
  4 giant spores (Orc:2)
  2 hyperactive ballistomycetes (Orc:2)
58 creatures vanquished.

Vanquished Creatures (others)
  2 oklob plants
  A redback (Spider:1)
  4 humans (Spider:1)
  18 wandering mushrooms
  9 ballistomycetes (Orc:2)
  4 fungi
  14 giant spores
  A plant (D:12)
  529 toadstools
582 creatures vanquished.

Grand Total: 1514 creatures vanquished

Notes
Turn   | Place    | Note
-------+----------+-------------------------------------------
     0 | D:1      | mistymad the Merfolk Monk began the quest for the Orb.
     0 | D:1      | Reached XP level 1. HP: 18/18 MP: 1/1
   168 | D:1      | Reached XP level 2. HP: 22/24 MP: 2/2
   636 | D:1      | Reached XP level 3. HP: 19/29 MP: 3/3
   638 | D:1      | Reached skill level 5 in Polearms
  1302 | D:2      | Reached XP level 4. HP: 31/37 MP: 4/4
  1453 | D:2      | Reached skill level 1 in Armour
  1723 | D:3      | Reached skill level 5 in Dodging
  1723 | D:3      | Reached XP level 5. HP: 37/42 MP: 5/5
  2086 | D:3      | Reached XP level 6. HP: 16/49 MP: 6/6
  2423 | D:3      | Found an oddly glowing altar of Pakellas.
  2857 | D:4      | Found a hide-covered altar of Uskayaw.
  2857 | D:4      | Noticed a dagger
  2857 | D:4      | Noticed a dagger
  2917 | D:4      | Found a staircase to the Ecumenical Temple.
  2932 | Temple   | Entered the Ecumenical Temple
  3100 | D:2      | Found a shattered altar of Ashenzari.
  3100 | D:2      | Found a sparkling altar of Nemelex Xobeh.
  3371 | D:4      | Noticed Ijyb
  3387 | D:4      | Killed Ijyb
  3387 | D:4      | Reached skill level 5 in Fighting
  3387 | D:4      | Reached XP level 7. HP: 54/56 MP: 7/7
  3506 | D:4      | Reached skill level 6 in Dodging
  3780 | D:5      | Entered Level 5 of the Dungeon
  3795 | D:5      | Noticed Menkaure
  3860 | D:5      | Killed Menkaure
  4129 | D:5      | Found a shadowy altar of Dithmenos.
  4136 | D:5      | Noticed Sigmund
  4155 | D:5      | Killed Sigmund
  4258 | D:5      | Reached XP level 8. HP: 63/63 MP: 8/8
  4326 | D:5      | Noticed Edmund
  4374 | D:5      | Killed Edmund
  4516 | D:5      | Reached skill level 7 in Dodging
  4887 | D:5      | Found Suxaq's Distillery.
  4900 | D:5      | Bought a potion of might for 52 gold pieces
  4900 | D:5      | Bought a potion of curing for 39 gold pieces
  4900 | D:5      | Bought a potion of heal wounds for 65 gold pieces
  5254 | D:5      | Bought a potion of agility for 52 gold pieces
  5356 | D:6      | Found Ywuak's Antique Weapon Shop.
  5361 | D:6      | Bought a runed spear for 72 gold pieces
  5539 | D:6      | Found Zacom's General Store.
  5540 | D:6      | Noticed Eustachio
  5554 | D:6      | Killed Eustachio
  5554 | D:6      | Reached skill level 8 in Dodging
  5568 | D:6      | Bought a potion of curing for 39 gold pieces
  5613 | D:6      | Found a blossoming altar of Fedhas.
  5613 | D:6      | Found a burning altar of Makhleb.
  5619 | D:6      | Reached XP level 9. HP: 71/71 MP: 9/9
  5644 | D:6      | Became a worshipper of Fedhas Madash
  5644 | D:6      | Reached * piety under Fedhas
  5644 | D:6      | Reached ** piety under Fedhas
  5830 | D:6      | Found Utuuh's Weapon Boutique.
  6123 | D:7      | Reached skill level 10 in Polearms
  6214 | D:7      | Found a glowing golden altar of the Shining One.
  6694 | D:7      | Reached skill level 9 in Dodging
  6917 | D:8      | Reached *** piety under Fedhas
  6920 | D:8      | Reached skill level 5 in Armour
  6930 | D:8      | Reached XP level 10. HP: 26/80 MP: 10/10
  6945 | D:8      | HP: 2/80 [killer bee (8)]
  7121 | D:8      | Reached skill level 10 in Dodging
  7330 | D:8      | Found a staircase to the Lair.
  7424 | D:8      | Found a hazy altar of Hepliaklqana.
  7537 | D:8      | Reached skill level 1 in Shields
  7579 | D:8      | HP: 4/83 [poisoned by a killer bee]
  7585 | D:8      | HP: 3/83 [poisoned by a killer bee]
  7590 | D:8      | HP: 3/83 [poisoned by a killer bee]
  7595 | D:8      | HP: 4/83 [poisoned by a killer bee]
  7760 | D:8      | Reached **** piety under Fedhas
  8556 | D:9      | Reached skill level 11 in Dodging
  8680 | D:9      | Gained mutation: You have a pair of small horns on your head. [mutagenic meat]
  8683 | D:9      | Gained mutation: You are clumsy. (Dex -2) [mutagenic meat]
  8686 | D:9      | Lost mutation: You are clumsy. (Dex -2) [mutagenic meat]
  8689 | D:9      | Gained mutation: You have a pair of horns on your head. [mutagenic meat]
  8716 | D:9      | Noticed Grum
  8741 | D:9      | Reached XP level 11. HP: 87/89 MP: 11/11
  8743 | D:9      | Killed Grum
  8788 | D:9      | Got a translucent leather armour
  8799 | D:9      | Identified the +3 leather armour of Sif Muna {SInv} (You found it on level 9 of the Dungeon)
  8912 | D:9      | Learned a level 1 spell: Magic Dart
  8915 | D:9      | Learned a level 2 spell: Blink
  8918 | D:9      | Learned a level 2 spell: Repel Missiles
  9068 | D:9      | Found a roughly hewn altar of Beogh.
  9164 | D:9      | Reached ***** piety under Fedhas
  9319 | D:9      | Noticed Maurice
  9320 | D:9      | Found a radiant altar of Vehumet.
  9337 | D:9      | Killed Maurice
  9462 | D:10     | Entered Level 10 of the Dungeon
  9630 | D:10     | Reached skill level 1 in Invocations
  9916 | D:10     | Reached skill level 10 in Fighting
 10160 | Lair:1   | Entered Level 1 of the Lair of Beasts
 10391 | Lair:1   | Reached skill level 12 in Dodging
 10860 | Lair:1   | Reached XP level 12. HP: 58/98 MP: 14/14
 11741 | D:9      | Identified 4 scrolls of acquirement
 11742 | D:9      | Got a smoking hat
 11764 | D:9      | Identified the +0 hat "Tafiudgh" {rElec rPois} (You acquired it on level 9 of the Dungeon)
 11767 | D:9      | Got a crude demon trident
 11768 | D:9      | Identified the +2 demon trident "Deezywka" {freeze, rC+ MR+ Stlth+} (You acquired it on level 9 of the Dungeon)
 11888 | Lair:2   | Found a staircase to the Shoals.
 11938 | Lair:2   | Noticed a seven-headed hydra
 11953 | Lair:2   | Killed a seven-headed hydra
 12387 | Lair:3   | Noticed Sonja
 12394 | Lair:3   | Killed Sonja
 12394 | Lair:3   | Reached skill level 5 in Invocations
 12482 | Lair:3   | Found a hole to the Spider Nest.
 12831 | Lair:3   | Reached skill level 13 in Dodging
 13032 | Lair:3   | Reached ****** piety under Fedhas
 13263 | Lair:4   | Noticed a death yak
 13263 | Lair:4   | Noticed a death yak
 13263 | Lair:4   | Noticed a death yak
 13266 | Lair:4   | Noticed a death yak
 13268 | Lair:4   | Noticed a death yak
 13268 | Lair:4   | Noticed a death yak
 13284 | Lair:3   | Killed a death yak
 13384 | Lair:3   | Killed a death yak
 13384 | Lair:3   | Reached XP level 13. HP: 70/106 MP: 17/17
 14093 | Lair:4   | Reached skill level 15 in Polearms
 14093 | Lair:4   | Reached skill level 14 in Dodging
 15466 | Lair:6   | Entered Level 6 of the Lair of Beasts
 15495 | Lair:6   | Reached XP level 14. HP: 52/116 MP: 20/20
 15665 | Lair:6   | Found a frozen archway.
 15687 | IceCv    | Entered an ice cave
 16157 | Lair:6   | Found a viscous altar of Jiyva.
 16158 | Lair:6   | Found a staircase to the Slime Pits.
 16763 | Lair:6   | Reached skill level 15 in Dodging
 18648 | D:12     | Found a staircase to the Orcish Mines.
 19794 | D:13     | Reached XP level 15. HP: 124/124 MP: 22/22
 19965 | D:13     | Reached skill level 16 in Dodging
 20087 | D:13     | Got a bloodstained ring mail
 20098 | D:13     | Identified the +5 ring mail of the Lumpy Runes {Str+2} (You found it on level 13 of the Dungeon)
 20683 | Orc:1    | Entered Level 1 of the Orcish Mines
 20813 | Orc:1    | Noticed Urug
 20850 | Orc:1    | Killed Urug
 21131 | Orc:2    | Entered Level 2 of the Orcish Mines
 21224 | Orc:1    | Found a shimmering altar of Xom.
 21405 | Orc:2    | Found a staircase to the Elven Halls.
 21872 | Orc:2    | Reached skill level 10 in Armour
 22387 | Orc:2    | Found Vinoamei's Armour Shoppe.
 22387 | Orc:2    | Found Guntis's Distillery.
 22388 | Orc:2    | Found Lyname's Antique Armour Shoppe.
 22388 | Orc:2    | Found Borhurul's Armour Emporium.
 22404 | Orc:2    | Bought the +4 pair of boots "Ukepraeq" {+Blink SInv} for 597 gold pieces
 22424 | Orc:2    | Bought a jewelled plate armour for 896 gold pieces
 22435 | Orc:2    | Identified the cursed +1 plate armour "Yciyng" {Str+3} (You bought it in a shop on level 2 of the Orcish Mines)
 22467 | Orc:2    | Bought a potion of invisibility for 88 gold pieces
 22946 | Spider:1 | Entered Level 1 of the Spider Nest
 23008 | Spider:1 | Noticed a ghost moth
 23040 | Spider:1 | Killed a ghost moth
 23105 | Spider:1 | Reached skill level 17 in Dodging
 23850 | Spider:1 | Noticed Kirke
 23874 | Spider:1 | Killed Kirke
 23957 | Spider:1 | Noticed Azrael
 23963 | Spider:1 | Killed Azrael
 24407 | Spider:2 | Noticed Arachne
 24412 | Spider:2 | Reached XP level 16. HP: 134/134 MP: 23/23
 24420 | Spider:2 | Reached skill level 15 in Fighting
 24704 | Spider:2 | Slain by a wolf spider

Vault maps used:
D:1:      dpeg_arrival_rooms_b, corexii_leaking_fountain
D:2:      nicolae_overflow_hidden_temple, minmay_parallelograms
D:3:      johnstein_pakellas_death_squad
D:4:      kennysheep_the_goblin_king, dancing_weapons_uskayaw, first_bread,
          kennysheep_pointless_box
D:5:      overflow_temple_1_default, serial_shops, shop, uniq_edmund,
          uniq_menkaure, uniq_sigmund
D:6:      gammafunk_temple_overflow_wave, serial_shops, shop, shop,
          nicolae_shop_temple_entry_statues_fountains, kennysheep_doodads,
          uniq_eustachio
D:7:      minmay_misc_feat_diagonals, tso_metal_star
D:8:      wad_woods_minihive, kennysheep_mini_moat
D:9:      vehumet_crystals, uniq_grum, uniq_maurice
D:12:     zombieorc1_lemuel, grunt_tengu_nest, grunt_potential
Temple:   nicolae_temple_god_jail
Lair:1:   lab_entry_generic, st_stairs_9, roderic_batcave, serial_bayou_shore_a,
          grunt_megastairs_5, serial_bayou_shore_b, lemuel_fruit_tree
Lair:2:   elwin_shoals_entry_stream
Lair:3:   spider_nest_entry_funnel_web, grunt_megastairs_2, uniq_sonja
Lair:4:   st_stairs_4, beast_lair_carwin_11
Lair:5:   beast_lair_carwin_large_2, minivault_23, patterned_corridor
Lair:6:   minmay_lair_end_enchanted_forest, dpeg_slime_entry_enclosed_altar,
          portal_ice_cave_entry_pillars_1, nicolae_quartered_pool_medium
Spider:1: uniq_azrael, uniq_kirke
Spider:2: spider_trap, uniq_arachne, uniq_roxanne
Orc:1:    basic_altar, uniq_urug
Orc:2:    st_orc_pillars
IceCv:    ice_cave_statue_garden_chambered

Skill      XL: |  1  2  3  4  5  6  7  8  9 10 11 12 13 14 15 16 |
---------------+-------------------------------------------------+-----
Polearms       | 5 6 7 9 10 12 13 14 15 16 | 16.1
Fighting       | 4 5 6 8 9 10 11 12 13 14 15 | 15.0
Armour         | 1 2 3 4 5 6 7 8 9 10 | 10.7
Dodging        | 5 6 8 9 11 12 13 14 15 17 | 17.6
Shields        | 3 4 |  4.5
Invocations    | 3 6 8 9 |  9.3
Stealth        | |  2.1

Action                   |  1- 3 |  4- 6 |  7- 9 | 10-12 | 13-15 | 16-18 || total
-------------------------+-------+-------+-------+-------+-------+-------++-------
Melee: Spear             |   127 |   250 |   661 |  1042 |       |       ||  2080
       Headbutt          |       |       |       |   172 |   343 |    17 ||   532
       Demon trident     |       |       |       |   260 |  1637 |    52 ||  1949
       Tailslap          |       |       |       |     2 |     7 |       ||     9
Invok: Evolution         |       |       |       |     7 |    24 |       ||    31
       Reproduction      |       |       |       |       |     6 |     1 ||     7
Evoke: Wand              |       |       |       |     2 |    10 |       ||    12
  Use: Scroll            |       |    10 |     5 |     9 |    12 |     1 ||    37
       Potion            |       |     5 |     4 |     3 |     2 |     3 ||    17
 Stab: Sleeping          |     8 |       |     9 |    18 |    16 |       ||    51
       Invisible         |       |     5 |       |       |       |       ||     5
       Confused          |       |       |       |     3 |    10 |       ||    13
       Distracted        |       |       |       |       |     9 |       ||     9
  Eat: Chunk             |     1 |     7 |    12 |    36 |    40 |       ||    96
       Beef jerky        |       |       |       |     1 |       |       ||     1
Armor: Robe              |     7 |       |       |       |       |       ||     7
       Chain mail        |    13 |    75 |       |       |       |       ||    88
       Troll leather arm |       |     8 |    87 |    97 |   112 |       ||   304
       Ring mail         |       |       |       |       |    79 |    17 ||    96
       Skin              |       |       |       |       |     2 |       ||     2
Dodge: Dodged            |    43 |    84 |   294 |   636 |   785 |    60 ||  1902
Block: Buckler           |       |       |       |   167 |   280 |    13 ||   460
